 Dungeon Crawl Stone Soup version 0.28-a0-563-gf77a47075d (webtiles) character file.

Game seed: 7556024881578754265

106 timneilson the Shield-Bearer (level 4, 0/28 HPs)
             Began as a Gargoyle Fighter on Sept 29, 2021.
             Killed from afar by Natasha (4 damage)
             ... with a magic dart
             ... on level 2 of the Dungeon.
             The game lasted 00:02:30 (1954 turns).

timneilson the Shield-Bearer (Gargoyle Fighter)     Turns: 1954, Time: 00:02:31

Health: 0/28       AC: 11    Str: 20    XL:     4   Next: 84%
Magic:  4/4        EV:  9    Int:  9    God:
Gold:   143        SH:  4    Dex:  9    Spells: 3/3 levels left

rFire   . . .      SeeInvis .   a - +1 long sword
rCold   . . .      Faith    .   c - +0 buckler
rNeg    + . .      Spirit   .   b - +0 scale mail
rPois   ∞          Reflect  .   (no helmet)
rElec   +          Harm     .   (no cloak)
rCorr   .          Rampage  .   (no gloves)
Will    .....                   f - +0 pair of boots
Stlth   ..........              (no amulet)
HPRegen 0.09/turn               (no ring)
MPRegen 0.09/turn               (no ring)

@: slowed, very slow
A: sickness immunity, AC +3, negative energy resistance 1, electricity
resistance, torment resistance 1, petrification resistance
a: no special abilities


You were on level 2 of the Dungeon.
You visited 1 branch of the dungeon, and saw 2 of its levels.

You collected 143 gold pieces.

Inventory:

Hand Weapons
 a - a +1 long sword (weapon)
Armour
 b - a +0 scale mail (worn)
 c - a +0 buckler (worn)
 f - a +0 pair of boots (worn)
 l - a +0 plate armour
Potions
 d - a potion of might
 e - 2 potions of curing {unknown}
 g - 2 potions of degeneration {unknown}
 h - a potion of attraction {unknown}
 i - 2 potions of invisibility {unknown}
 j - a potion of berserk rage {unknown}
 n - a potion of haste {unknown}


   Skills:
 + Level 3.6 Fighting
 * Level 2.8 Long Blades
 * Level 4.0 Armour
 + Level 0.8 Dodging
 * Level 4.2 Shields


You had 3 spell levels left.
You didn't know any spells.
Your spell library contained the following spells:

 Spells                   Type           Power      Damage    Failure   Level
 Sandblast                Erth           0%         2d4       75%         1
 Passwall                 Tmut/Erth      0%         N/A       86%         2
 Stone Arrow              Conj/Erth      0%         3d7       98%         3


Dungeon Overview and Level Annotations

Branches:
Dungeon (2/15)

Altars:

Annotations:
D:2 Natasha


Innate Abilities, Weirdness & Mutations

You are immune to sickness and miasma.
Your stone body is resilient. (AC +3)
You are immune to poison.
You resist negative energy. (rN+)
You are resistant to electric shocks. (rElec)
You are resistant to unholy torment.
You are immune to petrification.


Message History

Orders for allies: a - Attack new target. r - Retreat! s - Stop attacking. g - Guard the area. f - Follow me.
Anything else - Cancel.
Okay, then.
You start waiting.
Natasha, Servant of Life and Death comes into view.
Natasha casts a spell at you. You resist with some effort.
Natasha casts a spell.
Natasha stares at you and mumbles some strange words.
You feel yourself slow down.
The white imp hits you but does no damage.
Natasha claws you. The white imp gestures at you. The puff of frost misses you.
Natasha claws you but does no damage.
You barely miss Natasha. The white imp hits you. The white imp freezes you.
Natasha stares at you and mumbles some strange words.
The magic dart hits you but does no damage.
The white imp gestures at you. The puff of frost hits you.
Natasha claws you but does no damage.
You hit Natasha.
Natasha is moderately wounded.
The white imp closely misses you. Natasha barely misses you.
The white imp grins evilly.
The white imp gestures at you. The puff of frost hits you.
You barely miss Natasha.
Natasha is moderately wounded.
Natasha barely misses you. The white imp barely misses you. Natasha claws you.
You hit Natasha.
Natasha is severely wounded.
The white imp gestures at you. The puff of frost hits you!
* * * LOW HITPOINT WARNING * * *
Natasha wildly gestures.
Natasha shimmers violently.
Natasha stares at you and mumbles some strange words.
The magic dart hits you.
You die...

...#....##.#.......#.....)...#.##
...#....'.†##).....#.........#.#
...#....#####......#.........#.##
...#...............#.........#...
'###.....#####.....#.####'#######
.# #.....# #.....#.# #.# .#
#.....# #.....#'####.# .# #####.#
##..5........# .# #.....#
#.@.........##### .# #.....#
##h##...........# .#
#.....#######..#......÷....# .#
#..............##'###......###
.###..........##..##.# #......##.
.##...........##..##.# #......#..
.##...........##...#'###..)...#..
.....#.#......##..............'..
#.#.^#.#......##.......#.....##..


You could see Natasha and a white imp (summoned).

Vanquished Creatures
  Natasha (D:2)
  An adder (D:2)
  A worm (D:2)
  A dart slug (D:2)
  3 ball pythons (D:1)
  8 bats
  8 endoplasms
  A giant cockroach (D:2)
  3 goblins
  6 hobgoblins
  8 kobolds
  10 quokkas
  7 frilled lizards
  2 rats (D:2)
60 creatures vanquished.

Notes
Turn   | Place    | Note
-------+----------+-------------------------------------------
     0 | D:1      | timneilson the Gargoyle Fighter began the quest for the
                  | Orb.
     0 | D:1      | Reached XP level 1. HP: 14/14 MP: 1/1
   207 | D:1      | Reached XP level 2. HP: 19/19 MP: 2/2
   429 | D:1      | Reached XP level 3. HP: 23/23 MP: 3/3
  1102 | D:2      | Reached XP level 4. HP: 23/28 MP: 4/4
  1341 | D:2      | Noticed Natasha
  1349 | D:2      | Killed Natasha
  1945 | D:2      | Noticed Natasha
  1954 | D:2      | Killed from afar by Natasha

Illustrated notes

Levels and vault maps discovered:
D:1:      minmay_arrival_plants_in_alcoves, layout_basic,
          chequers_hall_statues_y, minmay_box_of_dots
D:2:      layout_basic, st_stairs_4, minmay_split_cup_small, uniq_natasha

Skill      XL: |  1  2  3  4 |
---------------+-------------+-----
Long Blades    | 2 |  2.8
Shields        | 4 |  4.2
Armour         | 4 |  4.0
Fighting       | |  3.6
Dodging        | |  0.8

Action                   |  1- 3 |  4- 6 || total
-------------------------+-------+-------++-------
Melee: Long sword        |   118 |    75 ||   193
  Use: Scroll            |       |     2 ||     2
Armor: Scale mail        |    92 |    47 ||   139
Dodge: Dodged            |    68 |    45 ||   113
Block: Buckler           |    32 |    16 ||    48

Table legend: (Time is in decaauts)
 A = Elapsed time spent in this place.
 B = Non-inter-level travel time spent in this place.
 C = Inter-level travel time spent in this place.
 D = Time resting spent in this place.
 E = Time spent auto-exploring this place.
 F = Levels seen in this place.
 G = Mean time per level.
                   A        B        C        D        E       F      G
               +--------+--------+--------+--------+--------+-----+--------+
         Total |   2010 |   2005 |      5 |     52 |   1488 |   2 | 1005.0 |
       Dungeon |   2010 |   2005 |      5 |     52 |   1488 |   2 | 1005.0 |
               +--------+--------+--------+--------+--------+-----+--------+

Top non-repeatable levels by time:
     D:2: 1115 daAuts
     D:1: 895 daAuts
